 Dungeon Crawl Stone Soup version 0.18.1-48-g4cf74bf (webtiles) character file.

81 Joat the Ruffian (level 4, 1/37 HPs)
             Began as a Draconian Transmuter on Aug 18, 2016.
             Quit the game on level 2 of the Dungeon.
             The game lasted 00:05:43 (1820 turns).

Joat the Ruffian (Draconian Transmuter)             Turns: 1820, Time: 00:05:45

Health: 1/37       AC:  5    Str: 13    XL:     4   Next: 19%
Magic:  5/7        EV: 14    Int: 13    God:
Gold:   37         SH:  0    Dex: 12    Spells: 2 memorised, 3 levels left

rFire  . . .     SeeInvis .       - Unarmed
rCold  . . .     Gourm    .     (armour unavailable)
rNeg   . . .     Faith    .     (no shield)
rPois  .         Spirit   .     (helmet restricted)
rElec  .         Dismiss  .     (no cloak)
rCorr  .         Reflect  .     (no gloves)
SustAt .         Harm     .     (no boots)
MR     .....                    (no amulet)
Stlth  +.........               (no ring)
                                k - +1 ring of evasion

@: lethally poisoned (1 -> -1), flying, not resistant to hostile enchantments,
very unstealthy
A: unfitting armour, cold-blooded, AC +5
a: no special abilities


You were on level 2 of the Dungeon.
You were not hungry.

You visited 1 branch of the dungeon, and saw 2 of its levels.

You collected 37 gold pieces.

Inventory:

Missiles
 a - 23 arrows
Jewellery
 k - a +1 ring of evasion (left hand)
Wands
 p - a wand of flame (17/48)
Scrolls
 d - a scroll of identify
 e - a scroll of blinking {unknown}
 f - a scroll of enchant armour {unknown}
 i - a scroll of teleportation {unknown}
 l - a scroll of fog {unknown}
 m - a scroll of remove curse {unknown}
 n - a scroll of amnesia {unknown}
Books
 b - a book of Changes

   Spells                             Type                      Level
   a - Beastly Appendage              Transmutation                1
   b - Sticks to Snakes               Transmutation                2
   c - Spider Form                    Transmutation/Poison         3
   d - Ice Form                       Ice/Transmutation            4
   e - Blade Hands                    Transmutation                5
Comestibles
 c - 4 bread rations
 h - a beef jerky
 j - a slice of pizza
 o - 3 chunks of flesh


   Skills:
 + Level 2.4 Fighting
 + Level 2.8 Dodging
 + Level 3.8 Unarmed Combat
 - Level 2.0 Spellcasting
 - Level 2.0 Transmutations
 * Level 0.2 Poison Magic


You had 3 spell levels left.
You knew the following spells:

 Your Spells              Type           Power        Failure   Level  Hunger
q - Beastly Appendage     Trmt           #.....       12%         1    ##.....
v - Spider Form           Trmt/Pois      #.........   52%         3    ####...


Dungeon Overview and Level Annotations

Branches:
Dungeon (2/15)

Altars:


Innate Abilities, Weirdness & Mutations

Your plain brown scales are hard (AC +5).
Your body does not fit into most forms of armour.
You are cold-blooded and may be slowed by cold attacks.


Message History

You feel sick.
Okay, then.
Unknown command.
Your transformation has ended.
* * * LOW HITPOINT WARNING * * *
You feel sick.
Unknown command.
Unknown command.
Unknown command.
* * * LOW HITPOINT WARNING * * *
You feel sick.
Unknown command.
Unknown command.
* * * LOW HITPOINT WARNING * * *
You feel sick.
Unknown command.
* * * LOW HITPOINT WARNING * * *
You feel sick.
Unknown command.
Are you sure you want to abandon this character and quit the game? (Confirm with "yes".)

#.# #.. #...............# #.#
###..###.....#########.###
#.######.........................
...........#.#..).#.######..###..
#.######.#........#.# ##.## ##.
#.##########.##.....# #...# ##
#................(#######...# #
############....)...>.......# ##
#####@.#####....## ##.
#%...........###.#
#############...## #####


There were no monsters in sight!

Vanquished Creatures
  2 adders (D:2)
  An ooze (D:1)
  3 worms (D:2)
  4 giant cockroaches
  2 goblins (D:1)
  7 hobgoblins
  8 jackals (D:1)
  7 kobolds
  4 bats (D:1)
  5 giant newts
  6 rats
49 creatures vanquished.

Notes
Turn   | Place    | Note
--------------------------------------------------------------
     0 | D:1      | Joat the Draconian Transmuter began the quest for the Orb.
     0 | D:1      | Reached XP level 1. HP: 16/16 MP: 3/3
    98 | D:1      | Reached XP level 2. HP: 8/23 MP: 5/5
   617 | D:1      | Reached XP level 3. HP: 20/29 MP: 6/6
  1728 | D:2      | Reached XP level 4. HP: 34/37 MP: 7/7
  1755 | D:2      | Learned a level 3 spell: Spider Form
  1819 | D:2      | HP: 1/37 [poisoned by a kobold]
  1820 | D:2      | Quit the game

Skill      XL: |  1  2 |
---------------+-------+-----
Dodging        | 2 |  2.8
Fighting       | 2 |  2.4
Unarmed Combat | |  3.8
Spellcasting   | |  2.0
Transmutations | |  2.0
Poison Magic   | |  0.2

Action                   |  1- 3 |  4- 6 || total
-------------------------+-------+-------++-------
Melee: Unarmed           |   221 |    20 ||   241
       Tailslap          |    23 |     1 ||    24
       Punch             |     3 |       ||     3
       Headbutt          |     3 |       ||     3
 Cast: Beastly Appendage |     3 |       ||     3
       Spider Form       |       |     1 ||     1
 Abil: End Transformatio |       |     1 ||     1
  Use: Scroll            |       |     1 ||     1
       Potion            |       |     1 ||     1
  Eat: Chunk             |     2 |     1 ||     3
Armor: Skin              |    59 |       ||    59
Dodge: Dodged            |   148 |     6 ||   154
